Punishers vs National
Created - 5 mars 2013 at 18:51
Goals
|
| Punishers |
2 |
3 |
0 |
5 |
| National |
2 |
1 |
1 |
4 |
|
Shots
|
| Punishers |
15 |
20 |
7 |
42 |
| National |
7 |
9 |
2 |
18 |
|
1st period
1. Punishers , Mike Grier 33 (Viktor Stalberg, Dave Bolland) at 2:56
2. Punishers , Mike Grier 34 (Viktor Stalberg, Dave Bolland) at 15:08
3. National , Jarod Palmer 10 (Rico Fata, Dustin Kohn) at 16:50
4. National , Eric Boulton 28 (Jan Hejda) at 17:00
Penalties :
Eric Boulton (Que) for Hooking (Minor) at 10:21, Cédric Lalonde-McNicoll (Que) for Holding (Minor) at 17:19, William Colbert (Que) for Slashing (Minor) at 17:22
2nd period
5. Punishers , Dave Bolland 22 (Marc-André Bergeron) at 1:44
6. National , Eric Boulton 29 (Ty Wishart) at 4:09
7. Punishers , Mike Grier 35 (Viktor Stalberg, Dave Bolland) at 7:57
8. Punishers , Alyn McCauley 10 (Dave Bolland) at 19:54 (SH)
Penalties :
Marc-André Bergeron (Pro) for Roughing (Minor) at 8:00, Pavel Valentenko (Pro) for High sticking (Minor) at 19:03
3rd period
9. National , Jan Hejda 3 (Cédric Lalonde-McNicoll) at 0:08 (PP)
Penalties :
Cédric Lalonde-McNicoll (Que) for Holding (Minor) at 0:19, Petteri Nokelainen (Pro) for Holding Stick (Minor) at 7:21, Mike Weber (Pro) for Holding (Minor) at 17:49
Goalie Stats
Curtis McElhinney (Pro), 14 saves from 18 shots - (0,778), W, 4-8-0, 60:00 minutes
Steve Shields (Que), 37 saves from 42 shots - (0,881), L, 12-16-5, 60:00 minutes
Players Stats for Punishers
Player Name G A P +/- PIM S H SB GA TA FO MP PP MP PK MP
------------------------------------------------------------------------------------
Adam McQuaid 0 0 0 1 0 3 0 1 0 2 0/0 10:48 0:00 0:01
Adam Pineault 0 0 0 0 0 1 1 0 0 0 0/0 10:18 0:04 0:00
Alyn McCauley 1 0 1 0 0 2 0 0 3 0 9/10 17:57 2:47 2:10
Chris Conner 0 0 0 -1 0 0 2 0 1 0 0/0 15:47 2:47 0:00
Dave Bolland 1 4 5 4 0 8 0 0 1 0 23/32 19:33 3:13 1:36
Jassen Cullimore 0 0 0 1 0 0 0 2 0 1 0/0 16:35 0:00 0:00
Jimmie Olvestad 0 0 0 -1 0 5 2 0 0 1 1/1 15:06 0:00 1:47
Justin Falk 0 0 0 1 0 0 1 1 0 0 0/0 13:14 0:00 1:41
Kirk Maltby 0 0 0 0 0 3 1 0 0 0 0/0 13:17 3:12 0:09
Kris Chucko 0 0 0 -1 0 1 2 0 0 0 1/1 10:15 0:00 1:41
Marc-André Bergeron 0 1 1 1 2 1 1 0 2 0 0/0 24:40 3:50 3:06
Mark Fraser 0 0 0 -1 0 0 0 1 0 0 0/0 17:44 2:10 2:33
Mike Blunden 0 0 0 -1 0 1 1 0 0 0 0/0 8:33 0:01 0:00
Mike Grier 3 0 3 3 0 8 2 0 0 0 3/4 22:08 3:09 3:49
Mike Weber 0 0 0 -1 2 1 2 1 0 0 0/0 16:57 2:10 1:36
Pavel Valentenko 0 0 0 1 2 0 0 0 0 0 0/0 7:01 0:00 0:46
Petteri Nokelainen 0 0 0 0 2 5 1 0 1 0 5/10 13:34 0:00 2:52
Ryan White 0 0 0 -1 0 0 1 1 0 0 1/3 8:20 0:00 0:00
Stu Bickel 0 0 0 1 0 0 1 1 0 0 0/0 13:49 3:50 4:21
Viktor Stalberg 0 3 3 3 0 3 2 0 1 1 0/0 17:18 2:47 0:00
Players Stats for National
Player Name G A P +/- PIM S H SB GA TA FO MP PP MP PK MP
------------------------------------------------------------------------------------
Alex Grant 0 0 0 0 0 0 0 0 0 0 0/0 0:00 0:00 0:00
Ben Maxwell 0 0 0 0 0 0 0 0 0 0 0/1 1:44 0:00 0:00
Cédric Lalonde-McNicoll 0 1 1 -1 4 1 1 2 0 0 8/25 21:31 3:53 0:53
Daniel Rahimi 0 0 0 -1 0 0 0 1 0 0 0/0 9:24 0:00 0:39
Dustin Kohn 0 1 1 1 0 0 4 0 0 1 0/0 20:11 2:52 2:39
Eric Boulton 2 0 2 -1 2 3 0 1 1 1 4/7 25:31 3:53 1:55
Erik Gustafsson 0 0 0 0 0 0 0 0 0 0 0/0 12:05 0:00 1:00
Guillaume Desbiens 0 0 0 -2 0 0 1 2 1 0 0/2 22:57 3:50 1:37
Igor Makarov 0 0 0 0 0 3 4 0 0 0 0/1 19:21 2:58 0:25
James Marcou 0 0 0 0 0 0 0 0 0 0 1/2 14:35 0:11 1:51
Jan Hejda 1 1 2 -2 0 4 1 3 0 2 0/0 25:33 4:21 3:26
Jarod Palmer 1 0 1 0 0 1 1 0 1 1 3/13 18:45 2:58 0:00
Mathieu Carle 0 0 0 1 0 0 0 0 2 1 0/0 16:48 2:52 2:17
Peter Leblanc 0 0 0 0 0 0 0 0 0 0 0/0 3:34 0:00 0:42
Philip DeSimone 0 0 0 -1 0 1 0 0 0 1 2/9 12:09 0:14 0:00
Rico Fata 0 1 1 -1 0 4 1 0 0 0 0/1 22:49 2:58 2:22
Ty Wishart 0 1 1 0 0 0 1 0 0 0 0/0 12:20 0:00 0:00
William Colbert 0 0 0 -2 2 1 0 2 0 1 0/0 24:25 4:10 2:17
Yuri Alexandrov 0 0 0 -1 0 0 0 0 0 1 0/0 8:18 0:00 0:00
3 Stars
1 - Dave Bolland (Pro)
2 - Mike Grier (Pro)
3 - Viktor Stalberg (Pro)
Power Play
Punishers - 0 on 4 Attempt(s) - 0,00%
National - 1 on 4 Attempt(s) - 25,00%
Penalty Kill
Punishers - 3 on 4 Attempt(s) - 75,00%
- Score 1 goal in Penalty Kill
National - 4 on 4 Attempt(s) - 100,00%
- Score 0 goal in Penalty Kill
Official
Referees : O'Halloran Dan and Watson Brad
Linesman : Greg Devorski and Thor Nelson
Game Notes
Ben Maxwell is injured at 6:33 of 1st period (Groin)
Mike Grier has scored a Hat Trick!
Punishers
5 vs 5 Forward
Center Left Wing Right Wing Time % Phy DF OF
1 Dave Bolland Viktor Stalberg Mike Grier 40 0 2 3
2 Alyn McCauley Jimmie Olvestad Chris Conner 30 1 2 2
3 Petteri Nokelainen Kirk Maltby Adam Pineault 20 1 2 2
4 Ryan White Kris Chucko Mike Blunden 10 1 2 2
5 vs 5 Defense
Defense Defense Time % Phy DF OF
1 Marc-André Bergeron Jassen Cullimore 40 1 2 2
2 Mark Fraser Mike Weber 30 1 2 2
3 Adam McQuaid Justin Falk 20 1 2 2
4 Pavel Valentenko Stu Bickel 10 1 2 2
PowerPlay Forward
Center Left Wing Right Wing Time % Phy DF OF
1 Dave Bolland Kirk Maltby Mike Grier 60 1 2 2
2 Alyn McCauley Viktor Stalberg Chris Conner 40 1 2 2
PowerPlay Defense
Defense Defense Time % Phy DF OF
1 Marc-André Bergeron Stu Bickel 60 1 2 2
2 Mark Fraser Mike Weber 40 1 2 2
Penalty Kill 4 Players Forward
Center Wing Time % Phy DF OF
1 Petteri Nokelainen Mike Grier 60 1 2 2
2 Dave Bolland Alyn McCauley 40 1 2 2
Penalty Kill 4 Players Defense
Defense Defense Time % Phy DF OF
1 Marc-André Bergeron Stu Bickel 60 1 2 2
2 Mark Fraser Mike Weber 40 1 2 2
Penalty Kill - 3 Players Forward
Forward Time % Phy DF OF
1 Kirk Maltby 60 1 2 2
2 Mike Grier 40 1 2 2
Penalty Kill - 3 Players Defense
Defense Defense Time % Phy DF OF
1 Marc-André Bergeron Stu Bickel 60 1 2 2
2 Mark Fraser Mike Weber 40 1 2 2
4 vs 4 Forward
Center Wing Time % Phy DF OF
1 Kirk Maltby Viktor Stalberg 60 1 2 2
2 Dave Bolland Mike Grier 40 1 2 2
4 vs 4 Defense
Defense Defense Time % Phy DF OF
1 Marc-André Bergeron Stu Bickel 60 1 2 2
2 Mark Fraser Mike Weber 40 1 2 2
Last Minutes Offensive
Center Left Wing Right Wing Defense Defense
Dave Bolland Viktor Stalberg Mike Grier Marc-André Bergeron Jassen Cullimore
Last Minutes Defensive
Center Left Wing Right Wing Defense Defense
Petteri Nokelainen Kirk Maltby Mike Grier Mark Fraser Jassen Cullimore
Goaltenders
Starting : Curtis McElhinney
Backup : Karri Ramo
Extra Forwards
Normal : Viktor Stalberg, Adam Pineault, Kris Chucko - PP : Viktor Stalberg, Adam Pineault - PK : Kris Chucko
Extra Defensemen
Normal : Adam McQuaid, Justin Falk, Pavel Valentenko - PP : Adam McQuaid - PK : Justin Falk, Pavel Valentenko
Penalty Shots
Viktor Stalberg, Jimmie Olvestad, Chris Conner, Mike Grier, Dave Bolland
National
5 vs 5 Forward
Center Left Wing Right Wing Time % Phy DF OF
1 Cédric Lalonde-McNicoll Eric Boulton Guillaume Desbiens 40 1 2 2
2 Jarod Palmer Rico Fata Igor Makarov 30 1 2 2
3 Ben Maxwell Eric Boulton James Marcou 20 1 2 2
4 Philip DeSimone Rico Fata Guillaume Desbiens 10 1 2 2
5 vs 5 Defense
Defense Defense Time % Phy DF OF
1 Jan Hejda William Colbert 40 1 2 2
2 Mathieu Carle Dustin Kohn 30 1 2 2
3 Ty Wishart Erik Gustafsson 20 1 2 2
4 Daniel Rahimi Yuri Alexandrov 10 1 2 2
PowerPlay Forward
Center Left Wing Right Wing Time % Phy DF OF
1 Cédric Lalonde-McNicoll Eric Boulton Guillaume Desbiens 60 1 2 2
2 Jarod Palmer Rico Fata Igor Makarov 40 1 2 2
PowerPlay Defense
Defense Defense Time % Phy DF OF
1 Jan Hejda William Colbert 60 1 2 2
2 Mathieu Carle Dustin Kohn 40 1 2 2
Penalty Kill 4 Players Forward
Center Wing Time % Phy DF OF
1 Eric Boulton Rico Fata 60 1 2 2
2 Guillaume Desbiens Igor Makarov 40 1 2 2
Penalty Kill 4 Players Defense
Defense Defense Time % Phy DF OF
1 Jan Hejda William Colbert 60 1 2 2
2 Mathieu Carle Dustin Kohn 40 1 2 2
Penalty Kill - 3 Players Forward
Forward Time % Phy DF OF
1 Eric Boulton 60 1 2 2
2 Rico Fata 40 1 2 2
Penalty Kill - 3 Players Defense
Defense Defense Time % Phy DF OF
1 Jan Hejda William Colbert 60 1 2 2
2 Mathieu Carle Dustin Kohn 40 1 2 2
4 vs 4 Forward
Center Wing Time % Phy DF OF
1 Eric Boulton Rico Fata 60 1 2 2
2 Guillaume Desbiens Igor Makarov 40 1 2 2
4 vs 4 Defense
Defense Defense Time % Phy DF OF
1 Jan Hejda William Colbert 60 1 2 2
2 Mathieu Carle Dustin Kohn 40 1 2 2
Last Minutes Offensive
Center Left Wing Right Wing Defense Defense
Cédric Lalonde-McNicoll Eric Boulton Guillaume Desbiens Jan Hejda William Colbert
Last Minutes Defensive
Center Left Wing Right Wing Defense Defense
Cédric Lalonde-McNicoll Eric Boulton Guillaume Desbiens Jan Hejda William Colbert
Goaltenders
Starting : Steve Shields
Backup : Jeff Frazee
Extra Forwards
Normal : Ben Maxwell, Philip DeSimone, James Marcou - PP : Ben Maxwell, Philip DeSimone - PK : James Marcou
Extra Defensemen
Normal : Ty Wishart, Erik Gustafsson, Daniel Rahimi - PP : Ty Wishart - PK : Erik Gustafsson, Daniel Rahimi
Penalty Shots
Eric Boulton, Rico Fata, Guillaume Desbiens, Igor Makarov, Cédric Lalonde-McNicoll
% Time on Ice - Punishers
Lines # - Real PCT - Wanted PCT - Time Play
Normal Forward
1 - 33% - 40% - 15:38
2 - 28% - 30% - 13:00
3 - 21% - 20% - 10:00
4 - 18% - 10% - 8:20
Normal Defense
1 - 38% - 40% - 18:02
2 - 28% - 30% - 13:12
3 - 23% - 20% - 10:36
4 - 11% - 10% - 5:08
PP Forward
1 - 54% - 60% - 3:13
2 - 46% - 40% - 2:47
PP Defense
1 - 64% - 60% - 3:50
2 - 36% - 40% - 2:10
PK Forward
1 - 82% - 60% - 5:45
2 - 18% - 40% - 1:17
PK Defense
1 - 64% - 60% - 4:28
2 - 36% - 40% - 2:34
PK3 Forward
1 - 0% - 60%
2 - 0% - 40%
PK3 Defense
1 - 0% - 60%
2 - 0% - 40%
44 Forward
1 - 0% - 60%
2 - 0% - 40%
44 Defense
1 - 0% - 60%
2 - 0% - 40%
Last Minute Offensive - 0:00
Last Minute Defensive - 0:00
Total
Forward - 60:00
Defense - 60:00
|
% Time on Ice - National
Lines # - Real PCT - Wanted PCT - Time Play
Normal Forward
1 - 25% - 40% - 11:45
2 - 35% - 30% - 16:40
3 - 33% - 20% - 15:36
4 - 6% - 10% - 2:57
Normal Defense
1 - 36% - 40% - 16:55
2 - 23% - 30% - 10:43
3 - 24% - 20% - 11:05
4 - 18% - 10% - 8:15
PP Forward
1 - 58% - 60% - 4:04
2 - 42% - 40% - 2:58
PP Defense
1 - 59% - 60% - 4:10
2 - 41% - 40% - 2:52
PK Forward
1 - 90% - 60% - 3:39
2 - 10% - 40% - 0:25
PK Defense
1 - 58% - 60% - 2:21
2 - 42% - 40% - 1:43
PK3 Forward
1 - 76% - 60% - 1:28
2 - 24% - 40% - 0:28
PK3 Defense
1 - 71% - 60% - 1:22
2 - 29% - 40% - 0:34
44 Forward
1 - 0% - 60%
2 - 0% - 40%
44 Defense
1 - 0% - 60%
2 - 0% - 40%
Last Minute Offensive - 0:00
Last Minute Defensive - 0:00
Total
Forward - 60:00
Defense - 60:00
|
Play by Play
1st period
0:01 of 1st period - Dave Bolland wins face-off versus Eric Boulton in neutral zone.
0:25 of 1st period - William Colbert is hit by Chris Conner and loses puck.
0:30 of 1st period - Snap shot by Jimmie Olvestad.
0:30 of 1st period - Stopped by Steve Shields with a rebound.
0:54 of 1st period - Slapshot by Kris Chucko.
0:54 of 1st period - Shot Misses the Net.
0:56 of 1st period - Wrist shot by Justin Falk.
0:56 of 1st period - Shot Misses the Net.
0:58 of 1st period - Wrist shot by Ryan White.
0:58 of 1st period - Shot Misses the Net.
1:07 of 1st period - Off-side.
1:08 of 1st period - Petteri Nokelainen wins face-off versus Philip DeSimone in neutral zone.
1:15 of 1st period - Slapshot by Kirk Maltby.
1:15 of 1st period - Stopped by Steve Shields without a rebound.
1:16 of 1st period - Dave Bolland wins face-off versus Cédric Lalonde-McNicoll in National zone.
1:45 of 1st period - Jimmie Olvestad is hit by Dustin Kohn and loses puck.
2:10 of 1st period - Snap shot by Kirk Maltby.
2:10 of 1st period - Stopped by Steve Shields without a rebound.
2:11 of 1st period - Petteri Nokelainen wins face-off versus Eric Boulton in National zone.
2:32 of 1st period - Snap shot by Adam Pineault.
2:32 of 1st period - Deflect By Petteri Nokelainen.
2:32 of 1st period - Stopped by Steve Shields without a rebound.
2:33 of 1st period - Dave Bolland wins face-off versus Jarod Palmer in National zone.
2:44 of 1st period - Slapshot by Dave Bolland.
2:44 of 1st period - Stopped by Steve Shields without a rebound.
2:45 of 1st period - Dave Bolland wins face-off versus Cédric Lalonde-McNicoll in National zone.
2:54 of 1st period - Backhand shot by Mike Grier.
2:54 of 1st period - Shot Misses the Net.
2:56 of 1st period - Snap shot by Mike Grier.
2:56 of 1st period - Goal by Mike Grier - Punishers : 1 - National : 0.
2:57 of 1st period - Dave Bolland wins face-off versus Ben Maxwell in neutral zone.
3:10 of 1st period - Wrist shot by Mike Grier.
3:10 of 1st period - Shot Misses the Net.
4:34 of 1st period - Snap shot by Alyn McCauley.
4:34 of 1st period - Stopped by Steve Shields with a rebound.
5:00 of 1st period - Slapshot by Adam Pineault.
5:00 of 1st period - Shot Blocked by William Colbert.
5:31 of 1st period - Snap shot by Kirk Maltby.
5:31 of 1st period - Stopped by Steve Shields without a rebound.
5:32 of 1st period - Dave Bolland wins face-off versus Jarod Palmer in National zone.
5:33 of 1st period - Wrist shot by Viktor Stalberg.
5:33 of 1st period - Stopped by Steve Shields with a rebound.
5:55 of 1st period - James Marcou is hit by Jimmie Olvestad and loses puck.
6:32 of 1st period - Ben Maxwell is hit by Petteri Nokelainen and loses puck.
6:33 of 1st period - Ben Maxwell from National is injured at 6:33 of 1st period (Groin).
6:34 of 1st period - Cédric Lalonde-McNicoll wins face-off versus Dave Bolland in National zone.
6:34 of 1st period - Cédric Lalonde-McNicoll is hit by Viktor Stalberg.
6:40 of 1st period - Slapshot by Dave Bolland.
6:40 of 1st period - Stopped by Steve Shields with a rebound.
6:42 of 1st period - Slapshot by Marc-André Bergeron.
6:42 of 1st period - Shot Blocked by William Colbert.
6:44 of 1st period - Snap shot by Viktor Stalberg.
6:44 of 1st period - Stopped by Steve Shields without a rebound.
6:45 of 1st period - Dave Bolland wins face-off versus Cédric Lalonde-McNicoll in National zone.
7:10 of 1st period - Marc-André Bergeron is hit by Rico Fata and loses puck.
7:49 of 1st period - Guillaume Desbiens is hit by Mike Weber and loses puck.
8:32 of 1st period - Snap shot by Guillaume Desbiens.
8:32 of 1st period - Shot Misses the Net.
8:56 of 1st period - Eric Boulton is hit by Ryan White and loses puck.
9:11 of 1st period - Cédric Lalonde-McNicoll is hit by Adam Pineault and loses puck.
9:20 of 1st period - Snap shot by Kirk Maltby.
9:20 of 1st period - Shot Blocked by Daniel Rahimi.
9:45 of 1st period - Icing by Jimmie Olvestad.
9:46 of 1st period - Alyn McCauley wins face-off versus Jarod Palmer in Punishers zone.
9:53 of 1st period - Snap shot by Alyn McCauley.
9:53 of 1st period - Shot Misses the Net.
9:57 of 1st period - Snap shot by Chris Conner.
9:57 of 1st period - Deflect By Jimmie Olvestad.
9:57 of 1st period - Shot Blocked by Eric Boulton.
9:57 of 1st period - Puck is out of play.
9:58 of 1st period - Dave Bolland wins face-off versus Cédric Lalonde-McNicoll in National zone.
10:20 of 1st period - Icing by Igor Makarov.
10:21 of 1st period - Jimmie Olvestad wins face-off versus Philip DeSimone in National zone.
10:21 of 1st period - Minor Penalty to Eric Boulton for Hooking.
10:22 of 1st period - James Marcou wins face-off versus Dave Bolland in National zone.
10:22 of 1st period - James Marcou is hit by Stu Bickel.
12:21 of 1st period - Penalty to Eric Boulton is over, Eric Boulton is back on ice.
12:23 of 1st period - Icing by Erik Gustafsson.
12:24 of 1st period - Dave Bolland wins face-off versus Philip DeSimone in National zone.
12:32 of 1st period - Icing by Eric Boulton.
12:33 of 1st period - Philip DeSimone wins face-off versus Ryan White in National zone.
12:39 of 1st period - Eric Boulton is hit by Mike Blunden and loses puck.
12:48 of 1st period - Wrist shot by Kris Chucko.
12:48 of 1st period - Shot Misses the Net.
13:00 of 1st period - Snap shot by Igor Makarov.
13:00 of 1st period - Deflect By Rico Fata.
13:00 of 1st period - Stopped by Curtis McElhinney with a rebound.
13:02 of 1st period - Snap shot by Jarod Palmer.
13:02 of 1st period - Shot Blocked by Mike Weber.
13:04 of 1st period - Slapshot by Jarod Palmer.
13:04 of 1st period - Shot Blocked by Mark Fraser.
13:06 of 1st period - Snap shot by Igor Makarov.
13:06 of 1st period - Stopped by Curtis McElhinney with a rebound.
13:28 of 1st period - Backhand shot by Jimmie Olvestad.
13:28 of 1st period - Shot Blocked by Cédric Lalonde-McNicoll.
13:30 of 1st period - Snap shot by Chris Conner.
13:30 of 1st period - Shot Misses the Net.
14:38 of 1st period - Wrist shot by Mike Blunden.
14:38 of 1st period - Deflect By Kris Chucko.
14:38 of 1st period - Shot Misses the Net.
14:38 of 1st period - Puck is out of play.
14:39 of 1st period - Ryan White wins face-off versus Philip DeSimone in National zone.
15:08 of 1st period - Slapshot by Mike Grier.
15:08 of 1st period - Goal by Mike Grier - Punishers : 2 - National : 0.
15:09 of 1st period - Dave Bolland wins face-off versus Cédric Lalonde-McNicoll in neutral zone.
15:12 of 1st period - Snap shot by Viktor Stalberg.
15:12 of 1st period - Shot Misses the Net.
15:14 of 1st period - Snap shot by Viktor Stalberg.
15:14 of 1st period - Stopped by Steve Shields with a rebound.
15:16 of 1st period - Wrist shot by Dave Bolland.
15:16 of 1st period - Deflect By Viktor Stalberg.
15:16 of 1st period - Shot Blocked by Cédric Lalonde-McNicoll.
15:16 of 1st period - Puck is out of play.
15:17 of 1st period - Cédric Lalonde-McNicoll wins face-off versus Mike Grier in National zone.
15:22 of 1st period - Snap shot by Eric Boulton.
15:22 of 1st period - Shot Blocked by Jassen Cullimore.
15:44 of 1st period - Wrist shot by Igor Makarov.
15:44 of 1st period - Stopped by Curtis McElhinney without a rebound.
15:45 of 1st period - Alyn McCauley wins face-off versus Jarod Palmer in Punishers zone.
16:04 of 1st period - Slapshot by Rico Fata.
16:04 of 1st period - Shot Misses the Net.
16:14 of 1st period - Wrist shot by Rico Fata.
16:14 of 1st period - Stopped by Curtis McElhinney with a rebound.
16:32 of 1st period - Snap shot by Jimmie Olvestad.
16:32 of 1st period - Stopped by Steve Shields with a rebound.
16:50 of 1st period - Slapshot by Jarod Palmer.
16:50 of 1st period - Goal by Jarod Palmer - Punishers : 2 - National : 1.
16:51 of 1st period - Dave Bolland wins face-off versus Cédric Lalonde-McNicoll in neutral zone.
17:00 of 1st period - Snap shot by Eric Boulton.
17:00 of 1st period - Goal by Eric Boulton - Punishers : 2 - National : 2.
17:01 of 1st period - Dave Bolland wins face-off versus Cédric Lalonde-McNicoll in neutral zone.
17:06 of 1st period - Snap shot by Mike Grier.
17:06 of 1st period - Stopped by Steve Shields without a rebound.
17:07 of 1st period - Cédric Lalonde-McNicoll wins face-off versus Dave Bolland in National zone.
17:19 of 1st period - Minor Penalty to Cédric Lalonde-McNicoll for Holding.
17:20 of 1st period - Eric Boulton wins face-off versus Dave Bolland in National zone.
17:22 of 1st period - Minor Penalty to William Colbert for Slashing.
17:23 of 1st period - Eric Boulton wins face-off versus Dave Bolland in National zone.
17:23 of 1st period - Eric Boulton is hit by Kirk Maltby.
19:13 of 1st period - Mike Grier is hit by Dustin Kohn and loses puck.
19:19 of 1st period - Penalty to Cédric Lalonde-McNicoll is over, Cédric Lalonde-McNicoll is back on ice.
19:22 of 1st period - Penalty to William Colbert is over, William Colbert is back on ice.
19:41 of 1st period - Wrist shot by William Colbert.
19:41 of 1st period - Shot Blocked by Adam McQuaid.
19:43 of 1st period - Slapshot by Dustin Kohn.
19:43 of 1st period - Shot Blocked by Ryan White.
19:49 of 1st period - Snap shot by William Colbert.
19:49 of 1st period - Shot Misses the Net.
19:51 of 1st period - Wrist shot by Cédric Lalonde-McNicoll.
19:51 of 1st period - Stopped by Curtis McElhinney without a rebound.
19:52 of 1st period - Alyn McCauley wins face-off versus Philip DeSimone in Punishers zone.
19:52 of 1st period - Alyn McCauley is hit by Ty Wishart.
2nd period
0:01 of 2nd period - Dave Bolland wins face-off versus Cédric Lalonde-McNicoll in neutral zone.
1:22 of 2nd period - Slapshot by Mike Grier.
1:22 of 2nd period - Stopped by Steve Shields without a rebound.
1:23 of 2nd period - Dave Bolland wins face-off versus Igor Makarov in National zone.
1:34 of 2nd period - Wrist shot by Dave Bolland.
1:34 of 2nd period - Deflect By Rico Fata.
1:34 of 2nd period - Stopped by Steve Shields without a rebound.
1:35 of 2nd period - Dave Bolland wins face-off versus Philip DeSimone in National zone.
1:44 of 2nd period - Slapshot by Dave Bolland.
1:44 of 2nd period - Goal by Dave Bolland - Punishers : 3 - National : 2.
1:45 of 2nd period - Dave Bolland wins face-off versus Cédric Lalonde-McNicoll in neutral zone.
1:58 of 2nd period - Slapshot by Jan Hejda.
1:58 of 2nd period - Stopped by Curtis McElhinney with a rebound.
2:00 of 2nd period - Snap shot by Eric Boulton.
2:00 of 2nd period - Stopped by Curtis McElhinney without a rebound.
2:01 of 2nd period - Alyn McCauley wins face-off versus Jarod Palmer in Punishers zone.
2:52 of 2nd period - Slapshot by Jan Hejda.
2:52 of 2nd period - Shot Blocked by Justin Falk.
2:54 of 2nd period - Slapshot by Jan Hejda.
2:54 of 2nd period - Stopped by Curtis McElhinney without a rebound.
2:55 of 2nd period - Alyn McCauley wins face-off versus Jarod Palmer in Punishers zone.
3:08 of 2nd period - Snap shot by Jimmie Olvestad.
3:08 of 2nd period - Deflect By Chris Conner.
3:08 of 2nd period - Shot Misses the Net.
3:08 of 2nd period - Puck is out of play.
3:09 of 2nd period - Cédric Lalonde-McNicoll wins face-off versus Petteri Nokelainen in National zone.
4:09 of 2nd period - Snap shot by Eric Boulton.
4:09 of 2nd period - Goal by Eric Boulton - Punishers : 3 - National : 3.
4:10 of 2nd period - Cédric Lalonde-McNicoll wins face-off versus Dave Bolland in neutral zone.
4:13 of 2nd period - Slapshot by William Colbert.
4:13 of 2nd period - Deflect By Mike Grier.
4:13 of 2nd period - Stopped by Curtis McElhinney without a rebound.
4:14 of 2nd period - Dave Bolland wins face-off versus Cédric Lalonde-McNicoll in Punishers zone.
4:27 of 2nd period - Wrist shot by Dave Bolland.
4:27 of 2nd period - Stopped by Steve Shields with a rebound.
4:29 of 2nd period - Backhand shot by Mike Grier.
4:29 of 2nd period - Stopped by Steve Shields without a rebound.
4:30 of 2nd period - Alyn McCauley wins face-off versus Jarod Palmer in National zone.
4:43 of 2nd period - Wrist shot by Jimmie Olvestad.
4:43 of 2nd period - Stopped by Steve Shields with a rebound.
4:45 of 2nd period - Slapshot by Jimmie Olvestad.
4:45 of 2nd period - Stopped by Steve Shields without a rebound.
4:46 of 2nd period - Dave Bolland wins face-off versus Eric Boulton in National zone.
4:47 of 2nd period - Slapshot by Viktor Stalberg.
4:47 of 2nd period - Deflect By Eric Boulton.
4:47 of 2nd period - Shot Misses the Net.
4:47 of 2nd period - Puck is out of play.
4:48 of 2nd period - Mike Grier wins face-off versus Cédric Lalonde-McNicoll in National zone.
4:55 of 2nd period - Snap shot by Dave Bolland.
4:55 of 2nd period - Shot Blocked by Jan Hejda.
5:23 of 2nd period - Off-side.
5:24 of 2nd period - Dave Bolland wins face-off versus Cédric Lalonde-McNicoll in neutral zone.
5:36 of 2nd period - Off-side.
5:37 of 2nd period - Dave Bolland wins face-off versus Cédric Lalonde-McNicoll in neutral zone.
5:47 of 2nd period - Snap shot by Viktor Stalberg.
5:47 of 2nd period - Deflect By Dave Bolland.
5:47 of 2nd period - Stopped by Steve Shields with a rebound.
5:49 of 2nd period - Slapshot by Dave Bolland.
5:49 of 2nd period - Stopped by Steve Shields with a rebound.
5:51 of 2nd period - Slapshot by Marc-André Bergeron.
5:51 of 2nd period - Shot Blocked by Guillaume Desbiens.
6:03 of 2nd period - Jassen Cullimore is hit by Igor Makarov and loses puck.
6:12 of 2nd period - Snap shot by Rico Fata.
6:12 of 2nd period - Shot Blocked by Jassen Cullimore.
6:14 of 2nd period - Slapshot by Jan Hejda.
6:14 of 2nd period - Shot Misses the Net.
6:36 of 2nd period - Wrist shot by Adam Pineault.
6:36 of 2nd period - Stopped by Steve Shields with a rebound.
6:54 of 2nd period - Snap shot by Mike Blunden.
6:54 of 2nd period - Stopped by Steve Shields with a rebound.
6:56 of 2nd period - Slapshot by Mike Weber.
6:56 of 2nd period - Stopped by Steve Shields with a rebound.
7:10 of 2nd period - Adam McQuaid is hit by Igor Makarov and loses puck.
7:17 of 2nd period - Wrist shot by Rico Fata.
7:17 of 2nd period - Shot Misses the Net.
7:19 of 2nd period - Snap shot by Rico Fata.
7:19 of 2nd period - Stopped by Curtis McElhinney with a rebound.
7:23 of 2nd period - Slapshot by Jan Hejda.
7:23 of 2nd period - Stopped by Curtis McElhinney without a rebound.
7:24 of 2nd period - Alyn McCauley wins face-off versus Guillaume Desbiens in Punishers zone.
7:55 of 2nd period - Wrist shot by Mike Grier.
7:55 of 2nd period - Stopped by Steve Shields with a rebound.
7:57 of 2nd period - Slapshot by Mike Grier.
7:57 of 2nd period - Goal by Mike Grier - Punishers : 4 - National : 3.
7:58 of 2nd period - Jarod Palmer wins face-off versus Dave Bolland in neutral zone.
8:00 of 2nd period - Minor Penalty to Marc-André Bergeron for Roughing.
8:01 of 2nd period - Mike Grier wins face-off versus Cédric Lalonde-McNicoll in Punishers zone.
8:13 of 2nd period - Off-side.
8:14 of 2nd period - Petteri Nokelainen wins face-off versus Cédric Lalonde-McNicoll in neutral zone.
8:21 of 2nd period - Wrist shot by Petteri Nokelainen.
8:21 of 2nd period - Stopped by Steve Shields with a rebound.
10:00 of 2nd period - Penalty to Marc-André Bergeron is over, Marc-André Bergeron is back on ice.
10:02 of 2nd period - Eric Boulton is hit by Marc-André Bergeron and loses puck.
10:59 of 2nd period - Icing by Justin Falk.
11:00 of 2nd period - Jarod Palmer wins face-off versus Ryan White in Punishers zone.
11:34 of 2nd period - Snap shot by Igor Makarov.
11:34 of 2nd period - Stopped by Curtis McElhinney without a rebound.
11:35 of 2nd period - Alyn McCauley wins face-off versus Jarod Palmer in Punishers zone.
11:39 of 2nd period - Jassen Cullimore is hit by Igor Makarov and loses puck.
11:59 of 2nd period - Marc-André Bergeron is hit by Guillaume Desbiens and loses puck.
12:37 of 2nd period - Off-side.
12:38 of 2nd period - Petteri Nokelainen wins face-off versus Rico Fata in neutral zone.
12:49 of 2nd period - Slapshot by Rico Fata.
12:49 of 2nd period - Stopped by Curtis McElhinney with a rebound.
13:15 of 2nd period - Snap shot by Dave Bolland.
13:15 of 2nd period - Stopped by Steve Shields without a rebound.
13:16 of 2nd period - Dave Bolland wins face-off versus Philip DeSimone in National zone.
13:37 of 2nd period - Eric Boulton is hit by Chris Conner and loses puck.
14:45 of 2nd period - Snap shot by Dave Bolland.
14:45 of 2nd period - Shot Misses the Net.
15:01 of 2nd period - Kris Chucko is hit by Jarod Palmer and loses puck.
15:12 of 2nd period - James Marcou is hit by Jimmie Olvestad and loses puck.
15:42 of 2nd period - Wrist shot by Adam Pineault.
15:42 of 2nd period - Deflect By Petteri Nokelainen.
15:42 of 2nd period - Stopped by Steve Shields with a rebound.
15:44 of 2nd period - Slapshot by Adam McQuaid.
15:44 of 2nd period - Stopped by Steve Shields with a rebound.
15:46 of 2nd period - Slapshot by Adam McQuaid.
15:46 of 2nd period - Shot Blocked by Guillaume Desbiens.
18:52 of 2nd period - Mathieu Carle is hit by Mike Grier.
19:03 of 2nd period - Minor Penalty to Pavel Valentenko for High sticking.
19:04 of 2nd period - Petteri Nokelainen wins face-off versus Jarod Palmer in Punishers zone.
19:25 of 2nd period - Mike Grier is hit by Cédric Lalonde-McNicoll and loses puck.
19:40 of 2nd period - Wrist shot by Petteri Nokelainen.
19:40 of 2nd period - Stopped by Steve Shields without a rebound.
19:41 of 2nd period - Dave Bolland wins face-off versus Cédric Lalonde-McNicoll in National zone.
19:52 of 2nd period - Slapshot by Alyn McCauley.
19:52 of 2nd period - Shot Blocked by Jan Hejda.
19:54 of 2nd period - Backhand shot by Alyn McCauley.
19:54 of 2nd period - Goal by Alyn McCauley - Punishers : 5 - National : 3.
19:55 of 2nd period - Cédric Lalonde-McNicoll wins face-off versus Petteri Nokelainen in neutral zone.
19:57 of 2nd period - Off-side.
19:58 of 2nd period - Mike Grier wins face-off versus Guillaume Desbiens in neutral zone.
3rd period
0:01 of 3rd period - Cédric Lalonde-McNicoll wins face-off versus Petteri Nokelainen in neutral zone.
0:08 of 3rd period - Slapshot by Jan Hejda.
0:08 of 3rd period - Goal by Jan Hejda - Punishers : 5 - National : 4.
0:09 of 3rd period - Dave Bolland wins face-off versus Cédric Lalonde-McNicoll in neutral zone.
0:19 of 3rd period - Minor Penalty to Cédric Lalonde-McNicoll for Holding.
0:20 of 3rd period - Eric Boulton wins face-off versus Dave Bolland in National zone.
0:35 of 3rd period - Snap shot by Dave Bolland.
0:35 of 3rd period - Shot Misses the Net.
1:03 of 3rd period - Alyn McCauley is hit by Dustin Kohn and loses puck.
2:19 of 3rd period - Penalty to Cédric Lalonde-McNicoll is over, Cédric Lalonde-McNicoll is back on ice.
2:32 of 3rd period - Erik Gustafsson is hit by Kris Chucko and loses puck.
3:06 of 3rd period - James Marcou is hit by Justin Falk and loses puck.
7:09 of 3rd period - Wrist shot by Kris Chucko.
7:09 of 3rd period - Stopped by Steve Shields with a rebound.
7:21 of 3rd period - Minor Penalty to Petteri Nokelainen for Holding Stick.
7:22 of 3rd period - Kris Chucko wins face-off versus Jarod Palmer in Punishers zone.
7:31 of 3rd period - Stu Bickel is hit by Igor Makarov.
8:46 of 3rd period - Stu Bickel is hit by Dustin Kohn and loses puck.
9:15 of 3rd period - Snap shot by Mathieu Carle.
9:15 of 3rd period - Shot Blocked by Stu Bickel.
9:17 of 3rd period - Slapshot by Philip DeSimone.
9:17 of 3rd period - Deflect By Kris Chucko.
9:17 of 3rd period - Stopped by Curtis McElhinney with a rebound.
9:21 of 3rd period - Penalty to Petteri Nokelainen is over, Petteri Nokelainen is back on ice.
9:31 of 3rd period - Slapshot by Marc-André Bergeron.
9:31 of 3rd period - Shot Misses the Net.
9:59 of 3rd period - Wrist shot by Petteri Nokelainen.
9:59 of 3rd period - Stopped by Steve Shields without a rebound.
10:00 of 3rd period - Eric Boulton wins face-off versus Petteri Nokelainen in National zone.
10:11 of 3rd period - Wrist shot by Petteri Nokelainen.
10:11 of 3rd period - Shot Misses the Net.
11:03 of 3rd period - Mike Blunden is hit by Jan Hejda and loses puck.
12:52 of 3rd period - Jan Hejda is hit by Mike Weber and loses puck.
14:57 of 3rd period - Snap shot by Mike Grier.
14:57 of 3rd period - Shot Misses the Net.
14:59 of 3rd period - Wrist shot by Marc-André Bergeron.
14:59 of 3rd period - Stopped by Steve Shields without a rebound.
15:00 of 3rd period - Jarod Palmer wins face-off versus Alyn McCauley in National zone.
15:25 of 3rd period - Snap shot by Viktor Stalberg.
15:25 of 3rd period - Shot Misses the Net.
15:27 of 3rd period - Snap shot by Adam McQuaid.
15:27 of 3rd period - Shot Blocked by Jan Hejda.
15:29 of 3rd period - Snap shot by Viktor Stalberg.
15:29 of 3rd period - Shot Misses the Net.
15:31 of 3rd period - Slapshot by Adam McQuaid.
15:31 of 3rd period - Deflect By William Colbert.
15:31 of 3rd period - Stopped by Steve Shields with a rebound.
15:49 of 3rd period - Slapshot by Adam McQuaid.
15:49 of 3rd period - Stopped by Steve Shields with a rebound.
16:17 of 3rd period - Guillaume Desbiens is hit by Mike Grier and loses puck.
16:43 of 3rd period - Wrist shot by Jimmie Olvestad.
16:43 of 3rd period - Stopped by Steve Shields without a rebound.
16:44 of 3rd period - Alyn McCauley wins face-off versus James Marcou in National zone.
17:45 of 3rd period - Backhand shot by Mike Grier.
17:45 of 3rd period - Stopped by Steve Shields without a rebound.
17:46 of 3rd period - Philip DeSimone wins face-off versus Dave Bolland in National zone.
17:46 of 3rd period - Philip DeSimone is hit by Viktor Stalberg.
17:49 of 3rd period - Minor Penalty to Mike Weber for Holding.
17:50 of 3rd period - Cédric Lalonde-McNicoll wins face-off versus Petteri Nokelainen in Punishers zone.
19:43 of 3rd period - Cédric Lalonde-McNicoll is hit by Kris Chucko and loses puck.
19:49 of 3rd period - Penalty to Mike Weber is over, Mike Weber is back on ice.
19:52 of 3rd period - Snap shot by Jimmie Olvestad.
19:52 of 3rd period - Shot Misses the Net.
Output by the SimonT Hockey Simulator (STHS) for François Prévost -- Original Page W3C XHTML 1.0 Valid